[Event "*** SCC Grand Prix: Titled Tuesday Blitz"]
[Site "Chess.com"]
[Date "2020.06.02"]
[Round "5"]
[White "plumalka"]
[Black "Witik"]
[Result "1-0"]
[WhiteElo "2416"]
[BlackElo "2562"]
[TimeControl "180+1"]
[EndTime "11:00:55 PDT"]
[Termination "plumalka won by resignation"]

1. e4 c6 2. d4 d5 3. e5 Bf5 4. c4 e6 5. Nc3 Ne7 6. Nge2 h6 7. Ng3 Bh7 8. Be3 Nd7 9. a3 dxc4 10. Bxc4 Nb6 11.
Bb3 Nbd5 12. O-O Nf5 13. Nxd5 exd5 14. Bc2 Nxg3 15. fxg3 Bxc2 16. Qxc2 Be7 17. Qf5 O-O 18. h4 Qc8 19. Qh5 Qe6 20. Rf3 f6 21. Qg6 Qf7 22. Qf5 fxe5 23. Qxe5 Bf6 24. Qf5 Rae8 25. Qg4 Kh8 26. Raf1 Re4 27. Qf5 Qe7 28. Bf2 Kg8 29. Qg6 Rf7 30. Kh1 Qe6 31. Bg1 Qg4 32. Qxg4 Rxg4 33. Kh2 Re7 34. Kh3 Rge4 35. g4 Kh7 36.
Rd3 R7e6 37. b4 g5 38. hxg5 hxg5 39. Kg3 Kg6 40. Bf2 a6 41. Bg1 Be7 42. Rdf3 Bd6+ 43.
Kh3 Kg7 44. Rf7+ Kg8 45. R7f6 Kg7 46. Rxe6 Rxe6 47. g3 Re2 48. Bf2 Ra2 49. Kg2 Rxa3 50. Re1 Kf7 51. Rf1 Ra2 52. Kg1 Ke6 53. Be3 Bxg3 54.
Bxg5 Bh2+ 55. Kh1 Bd6 56. Rf6+ Kd7 57. Rf7+ Ke6 58. Rf6+ Kd7 59. Rf7+ Ke8 60. Rxb7 Rb2 61. Ra7 Rxb4 62. Rxa6 Kd7 63. Ra7+ Ke6 64. Be3 Rb3 65. Bf2 Rb2 66. Kg2 Bf4 67. Kf3 Bd2 68. Ra6 Kd7 69.
Ra7+ Kc8 70. Rg7 Rb3+ 71. Ke2 Bf4 72. Rf7 Bd6 73. g5 Rb2+ 74. Kf3 Rb3+ 75. Kg4 Kd8 76. g6 Ke8 77. Ra7 Bf8 78. g7 Bxg7 79.
Rxg7 Kf8 80. Rc7 Rc3 81. Bg3 Ke8 82. Be5 Kd8 83. Kf5 Re3 84. Rxc6 Kd7 85. Rd6+ Ke7 86. Rxd5 Rf3+ 87. Ke4 Rh3 88. Rc5 1-0

[Event "*** SCC Grand Prix: Titled Tuesday Blitz"]
[Site "Chess.com"]
[Date "2020.06.02"]
[Round "5"]
[White "Pavel_Mir"]
[Black "CaspiIsrael"]
[Result "1/2-1/2"]
[WhiteElo "2287"]
[BlackElo "2584"]
[TimeControl "180+1"]
[EndTime "11:01:01 PDT"]
[Termination "Game drawn by 50-move rule"]

1. e4 d5 2. Nc3 dxe4 3. Nxe4 Qd5 4. Nc3 Qd6 5. d4 Nf6 6. Nf3 a6 7. g3 Bg4 8. Bg2 Nc6 9. h3 Bh5 10. Be3 O-O-O 11. g4 Bg6 12. Qe2 e6 13. Nh4 Nb4 14. Nxg6 hxg6 15. O-O-O Nbd5 16. Bd2 Nf4 17. Bxf4 Qxf4+ 18. Qe3 Bd6 19. Kb1 Qxe3 20. fxe3 e5 21. Rhf1 exd4 22.
exd4 Rde8 23. g5 Nh7 24. Rxf7 Nxg5 25. Rxg7 Rh6 26. a3 Nxh3 27. Rh1 Reh8 28. Bxh3+ Rxh3 29. Rxh3 Rxh3 30. Rxg6 Bxa3 31. bxa3 Rxc3 32. Kb2 Rc4 33. c3 c6 34. Kb3 b5 35. Rg7 Kb8 36. Rh7 c5 37. dxc5 Rxc5 38. Kb4 Rc6 39. Rg7 Kc8 40. Rh7 Rc4+ 41. Ka5 Ra4+ 42. Kb6 Rxa3 43. Rc7+ Kd8 44. Ra7 Rxc3 45. Rxa6 b4 46. Ra4 b3 47. Rb4 Kd7 48. Ka5 Kc6 49. Ka4 Kc5 50. Rxb3 Rc1 51. Rb5+ Kc4 52.
Rb4+ Kc3 53. Rb3+ Kc2 54. Rh3 Rb1 55. Rh2+ Kd3 56. Rh3+ Kc4 57. Rh4+ Kd5 58. Rh5+ Ke4 59. Rh4+ Kf5 60. Rh5+ Kg4 61. Rh2 Rb8 62. Rc2 Kf3 63.
Rc3+ Ke2 64. Rb3 Rc8 65. Rb2+ Kd3 66. Rb3+ Kc4 67. Rb4+ Kc3 68. Rb3+ Kc4 69. Rb4+ Kc5 70.
Rb5+ Kc6 71. Rb4 Rd8 72. Rc4+ Kb6 73. Rb4+ Kc5 74. Rb5+ Kc4 75. Rb4+ Kc3 76. Rb3+ Kc2 77. Rb4 Rd5 78. Rb5 Rd4+ 79. Rb4 Rd1 80. Rh4 Rd5 81.
Rh2+ Kc3 82. Rh3+ Kc4 83. Rh4+ Kc5 84. Rh2 Rd3 85. Rh5+ Kc4 86. Rh4+ Kc3 87. Rh7 Rd4+ 88. Ka5 Kc4 89. Ka6 Rd6+ 90. Kb7 Rd5 91. Ka8 Kb5 92.
Rb7+ Ka6 93. Ra7+ Kb6 94. Rb7+ Kc6 95. Rb1 Ra5+ 96. Kb8 Rc5 97. Ka8 Kc7 98. Rb7+ Kc8 99. Rb8+ Kc7 100. Rb7+ 1/2-1/2

[Event "*** SCC Grand Prix: Titled Tuesday Blitz"]
[Site "Chess.com"]
[Date "2020.06.02"]
[Round "5"]
[White "M1711"]
[Black "Xeniya2005"]
[Result "1/2-1/2"]
[WhiteElo "2464"]
[BlackElo "2304"]
[TimeControl "180+1"]
[EndTime "11:01:14 PDT"]
[Termination "Game drawn - timeout vs insufficient material"]

1. d4 Nf6 2. Bf4 d5 3. e3 c5 4. c3 Nc6 5. Nd2 Qb6 6. Qb3 c4 7. Qc2 g6 8. e4 e6 9. Ngf3 Bg7 10. e5 Nd7 11. h4 h6 12. b3 cxb3 13. axb3 Qc7 14.
Bd3 b6 15. g4 a5 16. h5 g5 17. Nxg5 hxg5 18. Bxg5 Bh6 19. Bxh6 Rxh6 20. g5 Rh8 21. f4 Nf8 22. Kf2 Ne7 23. Nf3 Nf5 24. Bxf5 exf5 25. Qd2 Be6 26. Ne1 Rc8 27. Rc1 Qc6 28. Ng2 a4 29. bxa4 Qxa4 30. Ne3 Qc6 31. c4 dxc4 32. d5 Rd8 33. Rhd1 Qb7 34. Qc3 Rxh5 35. dxe6 Nxe6 36. Rxd8+ Nxd8 37. Qxc4 Rh2+ 38. Kg3 Rd2 39. Rd1 Rxd1 40. Nxd1 b5 41. Qc5 b4 42. Nb2 Ne6 43. Qc4 b3 44. Qc3 Nc7 45. Qd3 Nd5 46. Qxf5 Qb4 47. Qc8+ Ke7 48. Nd3 Qd4 49. Qb7+ Kf8 50.
Nf2 Qc3+ 51. Kg2 b2 52. Qb8+ Kg7 53. Ne4 Ne3+ 54. Kf3 Qc2 55. f5 Nxf5 56. Kf4 Nd4 57. g6 b1=Q 58. Qxb1 Qxb1 59. gxf7 Qf1+ 60. Ke3 Qxf7 61.
Kxd4 Qd7+ 62. Nd6 Kf8 63. Kd5 Ke7 64. Kc5 Ke6 65. Kd4 Qc6 66. Nc4 Qd5+ 67. Kc3 Qc5 68. Kd3 Kd5 69. Ne3+ Kxe5 70. Nc4+ Kf4 71. Nd2 Qd5+ 72.
Kc3 Ke3 73. Nc4+ Ke2 74. Kb4 Kd3 75. Nb6 Qd4+ 76. Kb5 Kc3 77. Na4+ Kb3 78. Nc5+ Ka3 79. Kc6 Qc4 80. Kd6 Kb4 81. Ne6 Kb5 82. Nc7+ Kb6 83.
Nd5+ Kb7 84. Ke5 Qd3 85. Nf6 Kc6 86. Ne4 Qe3 87. Kf5 Kd5 88. Nf6+ Kd4 89. Ng4 Qf3+ 90.
Kg5 Ke4 91. Nf6+ Ke5 92. Ng4+ Ke6 93. Kh4 Qg2 94. Kg5 1/2-1/2

[Event "*** SCC Grand Prix: Titled Tuesday Blitz"]
[Site "Chess.com"]
[Date "2020.06.02"]
[Round "5"]
[White "AlexZambrano"]
[Black "Tsyhanchuk_Stanislav"]
[Result "0-1"]
[WhiteElo "2231"]
[BlackElo "2449"]
[TimeControl "180+1"]
[EndTime "11:01:19 PDT"]
[Termination "Tsyhanchuk_Stanislav won by checkmate"]

1. Nf3 c5 2. c4 e6 3. Nc3 Nf6 4. g3 b6 5. Bg2 Bb7 6. O-O Be7 7. d4 cxd4 8. Qxd4 Nc6 9. Qd3 O-O 10.
Bf4 d5 11. cxd5 Nb4 12. Qd2 Nbxd5 13. Nxd5 Nxd5 14. Be5 f6 15. Bc3 Nxc3 16. Qxc3 Rc8 17. Qe3 e5 18. Rfd1 Qe8 19. Qb3+ Kh8 20. Rac1 Bc5 21. e3 Bc6 22. Qc4 Bb5 23. Qh4 Ba4 24. b3 Bc6 25. Ne1 Bxg2 26. Kxg2 Ba3 27. Rxc8 Qxc8 28. Qa4 Bc5 29. Kg1 a6 30. Qd7 Qxd7 31.
Rxd7 Rc8 32. Nd3 Bf8 33. Ra7 a5 34. Nb2 h5 35. Nc4 b5 36. Nxa5 h4 37. gxh4 Rc1+ 38. Kg2 Rc2 39. Nb7 b4 40. Ra8 Kg8 41. Nd8 Bc5 42.
Nc6+ Kh7 43. Kf3 e4+ 44. Kxe4 Rxf2 45. Nd8 f5+ 46. Kd5 Bxe3 47. Ne6 Bh6 48. Ke5 f4 49. Rf8 Re2+ 50. Kd5 Rd2+ 51. Ke4 Rxa2 52. Nxf4 Rxh2 53. Nh5 Rxh4+ 54. Nf4 g5 55. Rf7+ Kg8 56. Rb7 Rxf4+ 57. Kd5 Bf8 58. Ke5 Rf3 59. Rb6 Rxb3 60. Rg6+ Kf7 61. Rxg5 Rc3 62. Kd4 Rc1 63. Rb5 Rd1+ 64. Kc4 Rc1+ 65. Kb3 Rc3+ 66. Kb2 Ke8 67. Rd5 Be7 68. Kb1 Rf3 69. Rd4 Kf7 70. Kb2 Rf2+ 71. Kb3 Rf3+ 72. Kc2 b3+ 73. Kb1 Bf6 74. Rd7+ Ke6 75.
Rd1 Rf2 76. Rh1 Be5 77. Re1 Kd5 78. Rd1+ Bd4 79. Re1 Kc4 80. Rd1 Bc3 81. Rc1 Rb2+ 82. Ka1 Ra2+ 83. Kb1 Ra1# 0-1

[Event "*** SCC Grand Prix: Titled Tuesday Blitz"]
[Site "Chess.com"]
[Date "2020.06.02"]
[Round "5"]
[White "Zenzo"]
[Black "Koalaskakistis"]
[Result "1/2-1/2"]
[WhiteElo "2556"]
[BlackElo "2401"]
[TimeControl "180+1"]
[EndTime "11:01:24 PDT"]
[Termination "Game drawn by 50-move rule"]

1. e4 c5 2. Nf3 Nc6 3. d4 cxd4 4. Nxd4 Nf6 5. Nc3 e5 6. Ndb5 d6 7. a4 a6 8. Na3 Be6 9. Bg5 Be7 10. Bxf6 Bxf6 11.
Nd5 Ne7 12. Bc4 Nxd5 13. Bxd5 Qa5+ 14. c3 Bxd5 15. Qxd5 Qxd5 16. exd5 Ke7 17. Nc4 Rac8 18. Nb6 Rc7 19. a5 g6 20. Ke2 Bg5 21. Kd3 f5 22. f3 h5 23. c4 Re8 24. Rhe1 h4 25. h3 Kd8 26. b4 Rce7 27. c5 e4+ 28. fxe4 Rxe4 29.
Rxe4 Rxe4 30. cxd6 Bf4 31. b5 Bxd6 32. bxa6 bxa6 33. Rc1 Bb4 34. Rc8+ Ke7 35. Rc6 Bxa5 36. Nc4 Bd8 37. Rxa6 g5 38. Ra7+ Kf6 39. Rd7 Be7 40. d6 Bf8 41. Rh7 Bxd6 42. Nxd6 Re1 43. Nc4 Rg1 44. Ne3 f4 45. Ng4+ Kg6 46. Rh6+ Kg7 47. Ra6 Rxg2 48. Ke4 Rg3 49. Kf5 Rxh3 50. Ra7+ Kf8 51.
Ne5 Ke8 52. Nf7 Re3 53. Nxg5 Kd8 54. Kxf4 Re1 55. Rh7 Kc8 56. Rxh4 Kb7 57. Rh6 Rd1 58. Ne4 Rd4 59. Ke5 Rd1 60. Nc5+ Kc7 61. Ne4 Re1 62. Kd5 Rd1+ 63. Kc4 Rc1+ 64. Nc3 Kd7 65. Kd4 Kc7 66. Nd5+ Kb7 67. Ke5 Rd1 68. Rb6+ Ka7 69. Rb2 Rd3 70. Kd6 Rd1 71. Kc6 Rc1+ 72. Kd7 Rd1 73. Kd6 Ka6 74. Rb3 Ka7 75. Rh3 Ka6 76. Rh8 Ka5 77. Rh2 Ka4 78.
Kc5 Rc1+ 79. Kd4 Rd1+ 80. Ke4 Re1+ 81. Ne3 Rc1 82. Rh8 Ka5 83. Rb8 Ka6 84. Kd4 Ka7 85.
Rb2 Rc7 86. Nc4 Rd7+ 87. Kc5 Rh7 88. Nd6 Rh5+ 89. Kc6 Rh6 90. Ra2+ Kb8 91. Ra3 Rg6 92. Rb3+ Ka8 93. Ra3+ Kb8 94. Ra1 Rh6 95. Kc5 Rh5+ 96. Kb6 Rh6 97. Rd1 Rg6 98. Kc6 Rh6 99. Rb1+ Ka8 100.
Kc7 Rh7+ 101. Kd8 Rh6 102. Kd7 Rh7+ 103. Kc6 Rh6 104. Kc5 Rh5+ 105. Kd4 Rh6 106. Kd5 1/2-1/2

[Event "*** SCC Grand Prix: Titled Tuesday Blitz"]
[Site "Chess.com"]
[Date "2020.06.02"]
[Round "5"]
[White "GMBenjaminBok"]
[Black "Goryachkina"]
[Result "1-0"]
[WhiteElo "2911"]
[BlackElo "2637"]
[TimeControl "180+1"]
[EndTime "11:01:37 PDT"]
[Termination "GMBenjaminBok won on time"]

1. d4 d5 2. Nf3 Nf6 3. Bf4 c5 4. e3 Nc6 5. Nbd2 cxd4 6. exd4 Qb6 7. Nb3 Bg4 8. Be2 e6 9. O-O Be7 10. a4 a5 11. h3 Bxf3 12. Bxf3 O-O 13. c3 Qd8 14.
Re1 Bd6 15. Qd2 Bxf4 16. Qxf4 Nd7 17. Be2 Ne7 18. Nd2 Ng6 19. Qe3 Qc7 20. Nf3 Nb6 21.
h4 h6 22. g3 Nc4 23. Qc1 Rab8 24. Bd3 Ne7 25. Qc2 Nd6 26. Ne5 Nc6 27. Nf3 Rbc8 28. Qe2 Rfe8 29. Kg2 Qd8 30. Qd2 Qf6 31. Ne5 Qd8 32. Qf4 Nxe5 33. Rxe5 Nc4 34. Re2 Qc7 35. Qxc7 Rxc7 36. Kf3 Rb8 37. Bxc4 Rxc4 38. Ra3 Kf8 39. Ke3 Ke7 40. Kd3 Kd7 41. h5 b6 42.
g4 f6 43. Re3 Rbc8 44. Rb3 R8c6 45. Ra3 Kd6 46. Re1 Rc8 47. Re3 Kd7 48. Re2 R8c7 49.
Rc2 Rc8 50. b3 R4c6 51. Ra1 Ke7 52. Re1 Kf7 53. f4 R8c7 54. Re3 Rc8 55. Kd2 R8c7 56. Kd3 Rc8 57. Rc1 R8c7 58. Kd2 Rc8 59. Rce1 R8c7 60.
Rg1 Rc8 61. g5 hxg5 62. fxg5 Rh8 63. Rh3 fxg5 64. Rxg5 Rh7 65. Rf3+ Ke7 66. Rfg3 Kf7 67. Rf3+ Ke7 68. Kd3 Rc8 69. Re3 Rd8 70. Rge5 Rd6 71. Rg3 Kf7 72. Rf3+ Ke7 73. Rfe3 Kf7 74. Rg5 Ke7 75.
Rf3 Rd8 76. Rfg3 Kf7 77. Re3 Rdh8 78. Rf3+ Ke7 79. Rfg3 Kf7 80. Rh3 Kf6 81. Rg6+ Kf7 82. Rf3+ Ke7 83. Re3 Rxh5 84. Rgxe6+ Kd7 85. Rxb6 Rh3 86.
Rg6 Rxe3+ 87. Kxe3 Rh3+ 88. Kd2 Rh2+ 89. Kc1 Rh7 90.
Kb2 Ke7 91. c4 dxc4 92. bxc4 Kf7 93. Rg3 Rh2+ 94. Kc3 Kf6 95. d5 g5 96. Kd4 Ra2 97. d6 Rxa4 98. Kd5 Ra1 99. c5 Rd1+ 100. Kc6 a4 101.
Kc7 Ke6 102. Rxg5 a3 103. Rg2 Rd3 104. Re2+ Kf6 105. d7 1-0

[Event "*** SCC Grand Prix: Titled Tuesday Blitz"]
[Site "Chess.com"]
[Date "2020.06.02"]
[Round "6"]
[White "pfalcon1949"]
[Black "sotochess"]
[Result "0-1"]
[WhiteElo "2015"]
[BlackElo "2241"]
[TimeControl "180+1"]
[EndTime "11:03:25 PDT"]
[Termination "sotochess won by resignation"]

1. d4 Nf6 2. c4 g6 3. Nc3 Bg7 4. e4 d6 5. Nge2 O-O 6. Ng3 h5 7. Bg5 c5 8. d5 a6 9. a4 Nh7 10. Be3 Nd7 11. Bd3 Ne5 12. Qd2 h4 13. Nge2 h3 14. g3 Nf3+ 0-1

[Event "*** SCC Grand Prix: Titled Tuesday Blitz"]
[Site "Chess.com"]
[Date "2020.06.02"]
[Round "6"]
[White "Bhagya_2312"]
[Black "amiralfio"]
[Result "1-0"]
[WhiteElo "2165"]
[BlackElo "2378"]
[TimeControl "180+1"]
[EndTime "11:03:28 PDT"]
[Termination "Bhagya_2312 won by resignation"]

1. e4 e5 2. Nf3 Nc6 3. Bc4 Nf6 4. d3 Be7 5. O-O O-O 6. Re1 d6 7. a4 Kh8 8. a5 a6 9. c3 Ng8 10. d4 f5 11. dxe5 fxe4 12. Rxe4 Rf4 13. Rxf4 1-0

[Event "*** SCC Grand Prix: Titled Tuesday Blitz"]
[Site "Chess.com"]
[Date "2020.06.02"]
[Round "6"]
[White "TERMINATOR_PC"]
[Black "albi1999"]
[Result "1-0"]
[WhiteElo "2487"]
[BlackElo "2638"]
[TimeControl "180+1"]
[EndTime "11:04:05 PDT"]
[Termination "TERMINATOR_PC won by resignation"]

1. e4 e5 2. Nf3 Nc6 3. d4 exd4 4. Bc4 Bc5 5. O-O Nf6 6. e5 d5 7. exf6 dxc4 8. fxg7 Rg8 9. Bg5 Qd5 10. Re1+ Be6 11. Nc3 Qf5 12. Ne4 Rxg7 13. Nh4 Qxg5 14. Nxg5 Rxg5 15. f4 Rg4 16. Qxg4 1-0

[Event "*** SCC Grand Prix: Titled Tuesday Blitz"]
[Site "Chess.com"]
[Date "2020.06.02"]
[Round "6"]
[White "Ba_clbaf_osed_ingo_3v21"]
[Black "MF1966Idrisov"]
[Result "1-0"]
[WhiteElo "2635"]
[BlackElo "2353"]
[TimeControl "180+1"]
[EndTime "11:04:06 PDT"]
[Termination "Ba_clbaf_osed_ingo_3v21 won by resignation"]

1. Nf3 d6 2. c4 c5 3. Nc3 Nc6 4. g3 e5 5. Bg2 g6 6. O-O Bg7 7. a3 Nge7 8. b4 cxb4 9. axb4 Nxb4 10. Ba3 Nbc6 11. Ne4 O-O 12. Nxd6 e4 13. Nxe4 Bxa1 14.
Qxa1 f5 15. Nf6+ Kg7 16. Nh5+ 1-0

[Event "*** SCC Grand Prix: Titled Tuesday Blitz"]
[Site "Chess.com"]
[Date "2020.06.02"]
[Round "6"]
[White "bratkoo"]
[Black "robertxbob"]
[Result "1-0"]
[WhiteElo "2416"]
[BlackElo "2187"]
[TimeControl "180+1"]
[EndTime "11:04:29 PDT"]
[Termination "bratkoo won by resignation"]

1. e4 d6 2. d4 Nf6 3. Nc3 g6 4. Nf3 Bg7 5. h3 O-O 6. Be3 Nc6 7. Qd2 d5 8. e5 Nd7 9. Nxd5 e6 10. Bg5 f6 11. exf6 exd5 1-0

[Event "*** SCC Grand Prix: Titled Tuesday Blitz"]
[Site "Chess.com"]
[Date "2020.06.02"]
[Round "6"]
[White "Kolle05"]
[Black "chessbia"]
[Result "1-0"]
[WhiteElo "2381"]
[BlackElo "2120"]
[TimeControl "180+1"]
[EndTime "11:04:32 PDT"]
[Termination "Kolle05 won by resignation"]

1. e4 e5 2. Nf3 Nc6 3. Nc3 Nf6 4. d4 exd4 5. Nxd4 Bb4 6. Nxc6 bxc6 7. Bd3 d5 8. exd5 O-O 9. O-O cxd5 10. Bg5 h6 11. Bxf6 Qxf6 12. Nxd5 Qd6 13. Nxb4 Qxb4 14. Qe1 Qxb2 15.
Qe4 g6 16. Qxa8 Bb7 17. Qxa7 Ra8 18. Rab1 1-0

[Event "*** SCC Grand Prix: Titled Tuesday Blitz"]
[Site "Chess.com"]
[Date "2020.06.02"]
[Round "6"]
[White "vitnik2020"]
[Black "GoValya"]
[Result "0-1"]
[WhiteElo "2301"]
[BlackElo "2181"]
[TimeControl "180+1"]
[EndTime "11:04:35 PDT"]
[Termination "GoValya won by resignation"]

1. e4 g6 2. d4 Bg7 3. h4 c5 4. h5 cxd4 5. h6 Bf6 6. Nf3 Nc6 7. Bc4 d6 8. c3 e5 9. cxd4 exd4 10. Nbd2 Nge7 11. O-O O-O 12. Nb3 d5 13. exd5 Nxd5 14. Nfxd4 Nxd4 15. Nxd4 Nb6 0-1

[Event "*** SCC Grand Prix: Titled Tuesday Blitz"]
[Site "Chess.com"]
[Date "2020.06.02"]
[Round "6"]
[White "Larina_Marija"]
[Black "mfwagnerpeixoto"]
[Result "0-1"]
[WhiteElo "2114"]
[BlackElo "2266"]
[TimeControl "180+1"]
[EndTime "11:04:35 PDT"]
[Termination "mfwagnerpeixoto won by resignation"]

1. e4 c5 2. Nc3 Nc6 3. g3 g6 4.
Bg2 Bg7 5. d3 d6 6. Be3 e6 7. Nh3 h5 8. Ng5 h4 9. O-O Nf6 10. f4 hxg3 11. hxg3 Nh5 12. Qe1 Nd4 13. Rc1 Nf6 14. Ne2 Ng4 15. Bxd4 cxd4 16. f5 Qxg5 17. fxe6 Qe3+ 0-1

[Event "*** SCC Grand Prix: Titled Tuesday Blitz"]
[Site "Chess.com"]
[Date "2020.06.02"]
[Round "6"]
[White "Maksimus1998"]
[Black "GM_Buhmann"]
[Result "0-1"]
[WhiteElo "2521"]
[BlackElo "2822"]
[TimeControl "180+1"]
[EndTime "11:04:44 PDT"]
[Termination "GM_Buhmann won by resignation"]

1. Nf3 Nf6 2. b3 g6 3. Bb2 Bg7 4. g3 b5 5. Na3 b4 6. Nc4 Bb7 7. Bg2 a5 8. O-O O-O 9. a3 c5 10. axb4 axb4 11. Rxa8 Bxa8 12. Qa1 Nc6 13. Qa6 Qc7 14.
Ra1 Bb7 15. Qxc6 Bxc6 0-1

[Event "*** SCC Grand Prix: Titled Tuesday Blitz"]
[Site "Chess.com"]
[Date "2020.06.02"]
[Round "6"]
[White "yobdc"]
[Black "Aleksandar-Topalov"]
[Result "1-0"]
[WhiteElo "2188"]
[BlackElo "2432"]
[TimeControl "180+1"]
[EndTime "11:04:49 PDT"]
[Termination "yobdc won by resignation"]

1. c4 Nf6 2. Nc3 c5 3. Nf3 g6 4. d4 Bg7 5. e4 O-O 6. d5 d6 7. Be2 e6 8. O-O Re8 9. h3 exd5 10. exd5 Bf5 11. Bf4 Ne4 12. Nxe4 Bxe4 13. Qb3 Bxf3 14. Bxf3 b6 15. Rfe1 Rxe1+ 16. Rxe1 a6 17. a4 Kf8 18. Qe3 a5 19. Bxd6+ 1-0

[Event "*** SCC Grand Prix: Titled Tuesday Blitz"]
[Site "Chess.com"]
[Date "2020.06.02"]
[Round "6"]
[White "killer311"]
[Black "Bigfish1995"]
[Result "0-1"]
[WhiteElo "2404"]
[BlackElo "2990"]
[TimeControl "180+1"]
[EndTime "11:04:53 PDT"]
[Termination "Bigfish1995 won by resignation"]

1. d4 f5 2. g3 g6 3. Bg2 Bg7 4.
c4 c5 5. d5 d6 6. Nc3 Bxc3+ 7.
bxc3 Nf6 8. Nf3 Qa5 9. Qc2 b6 10.
O-O Ba6 11. Nd2 b5 12. cxb5 Bxb5 13. c4 Ba4 14. Nb3 Qa6 15. Bb2 Nbd7 16. Rac1 Rb8 17. e3 Bxb3 18. axb3 Qb6 19. Bxf6 Nxf6 20. Rb1 a5 21. e4 f4 22. gxf4 O-O 23. e5 Nh5 24.
e6 Nxf4 25. Qc3 Ne2+ 0-1

[Event "*** SCC Grand Prix: Titled Tuesday Blitz"]
[Site "Chess.com"]
[Date "2020.06.02"]
[Round "6"]
[White "HElissalt"]
[Black "Elbek_Jumanov"]
[Result "1/2-1/2"]
[WhiteElo "2236"]
[BlackElo "2424"]
[TimeControl "180+1"]
[EndTime "11:04:59 PDT"]
[Termination "Game drawn by agreement"]

1. d4 Nf6 2. Bf4 g6 3. Nf3 Bg7 4. h3 O-O 5. e3 c5 6. c3 b6 7.
Nbd2 Bb7 8. Be2 d6 9. O-O Nbd7 10.
a4 a6 11. Bh2 Ra7 12. Re1 Qa8 13. Bf1 Ne4 14. Nxe4 Bxe4 15. Nd2 Bc6 16. Nc4 b5 17. Na5 b4 18. Nxc6 Qxc6 19. cxb4 cxb4 20. Rc1 1/2-1/2

[Event "*** SCC Grand Prix: Titled Tuesday Blitz"]
[Site "Chess.com"]
[Date "2020.06.02"]
[Round "6"]
[White "Vesper2018"]
[Black "JiaHaoxiang"]
[Result "1-0"]
[WhiteElo "2372"]
[BlackElo "2548"]
[TimeControl "180+1"]
[EndTime "11:05:07 PDT"]
[Termination "Vesper2018 won by resignation"]

1. e4 c5 2. Nc3 a6 3. g3 b5 4. Bg2 Bb7 5. Nge2 e6 6. O-O Nf6 7. d4 cxd4 8. Nxd4 d6 9. Re1 Be7 10.
e5 dxe5 11. Bxb7 exd4 12. Bxa8 dxc3 13. Qxd8+ Bxd8 14. bxc3 O-O 15. a4 bxa4 16. Rxa4 a5 17. Bg2 Nbd7 18. Be3 Bc7 19. Rb1 Rc8 20. Rc4 Ne5 21.
Rxc7 1-0

[Event "*** SCC Grand Prix: Titled Tuesday Blitz"]
[Site "Chess.com"]
[Date "2020.06.02"]
[Round "6"]
[White "ferdipy"]
[Black "bulletteemo"]
[Result "1-0"]
[WhiteElo "2357"]
[BlackElo "2529"]
[TimeControl "180+1"]
[EndTime "11:05:07 PDT"]
[Termination "ferdipy won by resignation"]

1. e4 c5 2. d4 cxd4 3. c3 d5 4. exd5 Qxd5 5. cxd4 Nc6 6. Nf3 Bg4 7. Be2 e6 8. Nc3 Bb4 9. O-O Qd7 10. Be3 Nf6 11. Qb3 Bd6 12. Rad1 O-O 13. Ne5 1-0

[Event "*** SCC Grand Prix: Titled Tuesday Blitz"]
[Site "Chess.com"]
[Date "2020.06.02"]
[Round "6"]
[White "biaf13"]
[Black "AlexZambrano"]
[Result "1-0"]
[WhiteElo "2014"]
[BlackElo "2217"]
[TimeControl "180+1"]
[EndTime "11:05:17 PDT"]
[Termination "biaf13 won by resignation"]

1. e4 d5 2. exd5 Qxd5 3. Nc3 Qd6 4. d4 Nf6 5. Nf3 Bg4 6. h3 Bxf3 7. Qxf3 c6 8. Be3 e6 9. O-O-O Be7 10. g4 O-O 11. h4 Nd5 12. Nxd5 cxd5 13. g5 Rc8 14.
Kb1 Nc6 15. h5 Nb4 16. Bd3 Nxd3 17. Rxd3 Qc6 18. Rc3 Qb5 19. Rxc8+ Rxc8 20. g6 fxg6 21. hxg6 h6 22. Qf7+ 1-0

[Event "*** SCC Grand Prix: Titled Tuesday Blitz"]
[Site "Chess.com"]
[Date "2020.06.02"]
[Round "6"]
[White "LamaChampetre"]
[Black "Eliwood44"]
[Result "1-0"]
[WhiteElo "2201"]
[BlackElo "2304"]
[TimeControl "180+1"]
[EndTime "11:05:19 PDT"]
[Termination "LamaChampetre won by resignation"]

1. d4 d5 2. c4 e6 3. Nf3 Nf6 4. g3 Be7 5. Bg2 O-O 6. O-O dxc4 7. Ne5 Nc6 8. Bxc6 bxc6 9. Nxc6 Qe8 10. Nxe7+ Qxe7 11.
Qa4 e5 12. dxe5 Qxe5 13. Nc3 Be6 14. Bf4 Qh5 15. Bxc7 Ng4 16. h4 g5 17. Qb5 a6 18.
Qxg5+ Qxg5 19. hxg5 Rfc8 20. Bf4 Ra7 21. Rad1 Rb7 22.
Rd2 Rc6 23. f3 1-0

[Event "*** SCC Grand Prix: Titled Tuesday Blitz"]
[Site "Chess.com"]
[Date "2020.06.02"]
[Round "6"]
[White "2008king"]
[Black "Sjakkerntobi"]
[Result "0-1"]
[WhiteElo "2112"]
[BlackElo "2263"]
[TimeControl "180+1"]
[EndTime "11:05:37 PDT"]
[Termination "Sjakkerntobi won by resignation"]

1. e4 e6 2. d4 d5 3. Nc3 Bb4 4. exd5 exd5 5. Bd3 Nc6 6. a3 Bxc3+ 7. bxc3 Nge7 8. Qh5 Be6 9. Ne2 Qd7 10. Rb1 O-O-O 11. h3 g6 12. Qf3 Bf5 13. O-O h5 14. Bg5 f6 15. Bxf6 Rhf8 16. Bxe7 Nxe7 17. Bxf5 Nxf5 18. Qd3 Nh4 19. Ng3 Rf3 20. Qd2 Rdf8 21. Qg5 R8f4 22. Rbe1 b6 23. gxf3 Nxf3+ 0-1

[Event "*** SCC Grand Prix: Titled Tuesday Blitz"]
[Site "Chess.com"]
[Date "2020.06.02"]
[Round "6"]
[White "GjakanTati"]
[Black "thedjoker98"]
[Result "1-0"]
[WhiteElo "2612"]
[BlackElo "2447"]
[TimeControl "180+1"]
[EndTime "11:05:38 PDT"]
[Termination "GjakanTati won by resignation"]

1. d4 d5 2. c4 c6 3. Nf3 Nf6 4. cxd5 cxd5 5. Bf4 Nc6 6. e3 a6 7. Nc3 Bf5 8. Be2 e6 9. O-O Be7 10. Rc1 O-O 11. h3 h6 12. Na4 Ne4 13. a3 Rc8 14.
Nc5 Bxc5 15. dxc5 Qf6 16. b4 Nc3 17. Qd2 Nxe2+ 18. Qxe2 e5 19. Bh2 Rfd8 20. Rfd1 Be4 21. Nd2 Bg6 22. Nb3 d4 23. e4 Qe6 24. Rd3 Na7 25.
Qg4 Qxg4 26. hxg4 f6 27. f3 Nb5 28. a4 Nc3 29. Na5 Rc7 30. Rcxc3 1-0

[Event "*** SCC Grand Prix: Titled Tuesday Blitz"]
[Site "Chess.com"]
[Date "2020.06.02"]
[Round "6"]
[White "wanyaland"]
[Black "SophieNikoladze"]
[Result "1-0"]
[WhiteElo "2299"]
[BlackElo "2152"]
[TimeControl "180+1"]
[EndTime "11:05:50 PDT"]
[Termination "wanyaland won by resignation"]

1. d4 b5 2. e4 Bb7 3. f3 a6 4.
a4 b4 5. Nd2 e6 6. Bd3 c5 7.
Ne2 d5 8. c3 c4 9. Bb1 dxe4 10.
Nxe4 Nf6 11. O-O Be7 12. N2g3 Nd5 13. Qe2 Qc7 14. Nh5 O-O 15. Bd2 b3 16. f4 Nd7 17.
f5 exf5 18. Rxf5 N7f6 19. Nexf6+ Nxf6 20. Nxf6+ Bxf6 21. Rxf6 gxf6 22. Qh5 f5 23. Bh6 f6 24. Bxf8 Rxf8 25. Bxf5 Bd5 26. Rf1 Qb7 27. Rf4 Rf7 28. Rg4+ Kh8 29. Qh6 Qe7 30. h3 Qe1+ 31. Kh2 Qe5+ 32.
dxe5 1-0

[Event "*** SCC Grand Prix: Titled Tuesday Blitz"]
[Site "Chess.com"]
[Date "2020.06.02"]
[Round "6"]
[White "letsgoband"]
[Black "anon569"]
[Result "0-1"]
[WhiteElo "2427"]
[BlackElo "2284"]
[TimeControl "180+1"]
[EndTime "11:05:52 PDT"]
[Termination "anon569 won by resignation"]

1. e4 c5 2. Nf3 d6 3. d4 cxd4 4. Nxd4 Nf6 5. Nc3 a6 6. Bg5 Nbd7 7. f4 Qc7 8. Qf3 b5 9. O-O-O Bb7 10. a3 g6 11. g4 Bg7 12. Bg2 Rc8 13. Kb1 Qb6 14. Nb3 a5 15. Bh4 b4 16. Bf2 Qc7 17. g5 Nxe4 18.
Bd4 Bxd4 0-1

[Event "*** SCC Grand Prix: Titled Tuesday Blitz"]
[Site "Chess.com"]
[Date "2020.06.02"]
[Round "6"]
[White "Training_Day"]
[Black "Alopekos"]
[Result "0-1"]
[WhiteElo "2324"]
[BlackElo "2499"]
[TimeControl "180+1"]
[EndTime "11:05:58 PDT"]
[Termination "Alopekos won by resignation"]

1. e4 c5 2. c3 g6 3. d4 cxd4 4. cxd4 d5 5. e5 Bg7 6. Nc3 Nh6 7. h3 O-O 8. Nf3 Bf5 9. Be2 Nc6 10. O-O Be4 11.
Nxe4 dxe4 12. Ng5 Qxd4 13. Qb3 Qxe5 14. Qxb7 Rac8 15. Be3 Nf5 16. Rac1 Nxe3 17. fxe3 Qxg5 18. Rxc6 Qxe3+ 19. Rf2 Rxc6 20. Qxc6 Bd4 0-1